 Dungeon Crawl Stone Soup version 0.26.1-11-gd32895ea62 (webtiles) character file.

Game seed: 14257014015521994954

747 Zeld the Chucker (level 7, -2/48 HPs)
             Began as an Octopode Monk on May 17, 2021.
             Slain by a sky beast (5 damage)
             ... on level 5 of the Dungeon.
             The game lasted 00:07:20 (7942 turns).

Zeld the Chucker (Octopode Monk)                    Turns: 7942, Time: 00:07:21

Health: -2/48      AC:  1    Str: 10    XL:     7   Next: 77%
Magic:  10/10      EV: 15    Int: 13    God:
Gold:   166        SH:  0    Dex: 16    Spells: 10/10 levels left

rFire    . . .     SeeInvis .   m - +0 quarterstaff
rCold    . . .     Faith    .   (shield currently unavailable)
rNeg     + . .     Spirit   .   (helmet restricted)
rPois    .         Reflect  .   (no amulet)
rElec    .         Harm     .   b - ring of positive energy
rCorr    +         Rampage  .   a - ring of resist corrosion
Will     .....                  (no ring)
Stlth    +++.......             (no ring)
HPRegen  0.16/turn              (no ring)
MPRegen  0.12/turn              (no ring)
                                (no ring)
                                (no ring)

@: no status effects
A: almost no armour, stealthy swim, amphibious, 8 rings, constrict 8, camouflage
1, gelatinous body 1
a: no special abilities


You were on level 5 of the Dungeon.
You visited 1 branch of the dungeon, and saw 5 of its levels.

You collected 166 gold pieces.

Inventory:

Hand Weapons
 m - a +0 quarterstaff (weapon)
Missiles
 l - 2 boomerangs (quivered)
 o - 13 poisoned darts
Jewellery
 a - a ring of resist corrosion (right tentacle)
 b - a ring of positive energy (left tentacle)
Wands
 h - a wand of polymorph (10)
Scrolls
 c - a scroll of magic mapping
 d - 3 scrolls of fear
 e - 3 scrolls of blinking
 g - 6 scrolls of enchant armour
 i - a scroll of teleportation {unknown}
 k - a scroll of remove curse
Potions
 f - 2 potions of berserk rage
 j - 5 potions of curing
 n - a potion of brilliance {unknown}
 p - 2 potions of degeneration {unknown}


   Skills:
 - Level 4.1 Fighting
 * Level 5.3 Throwing
 - Level 4.1 Dodging
 - Level 2.6 Stealth
 - Level 3.0 Unarmed Combat
 - Level 2.2 Spellcasting
 + Level 3.9 Evocations


You had 10 spell levels left.
You didn't know any spells.
Your spell library was empty.

Dungeon Overview and Level Annotations

Branches:
Dungeon (5/15)
 Temple: D:4-7

Altars:

Annotations:
D:3 3 runed translucent doors, Cheops's ghost, amateur OpTm; Selrock's ghost, amateur DsMo; Tirrikindir's ghost, amateur OpFi; abrahamlauer's ghost, amateur MiHu


Innate Abilities, Weirdness & Mutations

You cannot wear most types of armour.
You are very stealthy in the water. (Stealth+)
You are amphibious.
You can wear up to eight rings at the same time.
You can use your tentacles to constrict eight enemies at once.
Your skin changes colour to match your surroundings (Stealth+).
Your rubbery body absorbs attacks. (AC +1, EV +1)


Message History

No target in view!
No target in view!
No target in view!
You miss something. You squeeze something. Something hits you.
Something shocks you.
You hit something. Something hits you. Something shocks you.
* * * LOW HITPOINT WARNING * * *
Something closely misses you.
You miss something.
A sky beast appears from thin air!
Reactivating autopickup.
The sky beast hits you.
* * * LOW HITPOINT WARNING * * *
The sky beast shocks you.
* * * LOW HITPOINT WARNING * * *
You hit the sky beast but do no damage.
The sky beast is almost dead.
The sky beast hits you.
* * * LOW HITPOINT WARNING * * *
The sky beast shocks you.
You die...

..
#.....................
.
#.###.........#.####..
#.. ###......##.#### .
.... J.###....##.....
.... #.####..$......
h..###........
...#........
#Y#........
#@........[
#.#.....(..
###........ #.....##.
#.....# ....### .....
......


You could see a sky beast.

Vanquished Creatures
  An ice beast (D:5)
  A sky beast (D:5)
  A howler monkey (D:4)
  A centaur zombie (D:5)
  A hound (D:4)
  An orc wizard (D:3)
  2 orc priests
  3 worker ants
  A hound zombie (D:5)
  2 hound skeletons (D:5)
  Robin (D:2)
  4 gnolls
  7 adders
  3 oozes
  An adder skeleton (D:4)
  5 worms
  4 dart slugs
  2 leopard geckos (D:1)
  15 orcs
  2 ball pythons
  3 bats
  4 giant cockroaches
  16 goblins
  12 hobgoblins
  3 jackals (D:3)
  4 quokkas
  8 frilled lizards
  6 kobolds
  13 rats
127 creatures vanquished.

Vanquished Creatures (others)
  2 withered plants (D:3)
2 creatures vanquished.

Grand Total: 129 creatures vanquished

Notes
Turn   | Place    | Note
-------+----------+-------------------------------------------
     0 | D:1      | Zeld the Octopode Monk began the quest for the Orb.
     0 | D:1      | Reached XP level 1. HP: 16/16 MP: 1/1
   116 | D:1      | Reached XP level 2. HP: 20/21 MP: 2/2
   253 | D:1      | Reached skill level 1 in Spellcasting
   392 | D:1      | Reached XP level 3. HP: 20/26 MP: 4/4
  1202 | D:2      | Reached XP level 4. HP: 17/32 MP: 6/6
  1205 | D:2      | Noticed Robin
  1840 | D:2      | Killed Robin
  2056 | D:2      | Reached XP level 5. HP: 37/37 MP: 8/8
  2555 | D:3      | Found a runed translucent gate.
  2561 | D:3      | Found a runed translucent gate.
  2562 | D:3      | Found a runed translucent gate.
  2566 | D:3      | Noticed abrahamlauer's ghost (amateur MiHu)
  2566 | D:3      | Noticed Cheops's ghost (amateur OpTm)
  2568 | D:3      | Noticed Tirrikindir's ghost (amateur OpFi)
  2568 | D:3      | Noticed Selrock's ghost (amateur DsMo)
  3111 | D:3      | Reached skill level 1 in Throwing
  3132 | D:3      | Reached skill level 1 in Evocations
  3370 | D:3      | Reached skill level 2 in Throwing
  3372 | D:3      | Reached XP level 6. HP: 25/43 MP: 9/9
  3618 | D:3      | Noticed an orc warrior
  4090 | D:4      | Reached skill level 3 in Throwing
  5330 | D:2      | Reached XP level 7. HP: 25/48 MP: 10/10
  6964 | D:4      | Reached skill level 4 in Throwing
  7338 | D:5      | Entered Level 5 of the Dungeon
  7686 | D:5      | Reached skill level 5 in Throwing
  7942 | D:5      | Slain by a sky beast

Illustrated notes

Levels and vault maps discovered:
D:1:      erik_arrival_blinker_ship, layout_basic, chequers_serial_rivers_room_b
D:2:      layout_loops_cross, small_statue_intersection, uniq_robin
D:3:      layout_basic, gammafunk_ghost_cemetery
D:4:      layout_basic
D:5:      layout_cave_pools, minmay_manual_mandibuliform, uniq_eustachio

Skill      XL: |  1  2  3  4  5  6  7 |
---------------+----------------------+-----
Spellcasting   | 1 2 |  2.2
Dodging        | 4 |  4.1
Fighting       | 4 |  4.1
Throwing       | 2 3 5 |  5.3
Evocations     | 1 2 3 |  3.9
Stealth        | |  2.6
Unarmed Combat | |  3.0

Action                   |  1- 3 |  4- 6 |  7- 9 || total
-------------------------+-------+-------+-------++-------
Melee: Unarmed           |    83 |   158 |       ||   241
       Constrict         |    24 |    54 |    12 ||    90
       Tentacles         |    13 |    37 |    19 ||    69
       Punch             |     1 |     8 |     3 ||    12
       Quarterstaff      |       |    19 |    64 ||    83
  Use: Scroll            |       |     9 |       ||     9
 Stab: Sleeping          |     7 |     9 |     5 ||    21
       Distracted        |       |     1 |       ||     1
Armor: Skin              |     9 |     8 |     5 ||    22
Dodge: Dodged            |    59 |   112 |    60 ||   231
